General information
			
			
        
        - name: 1v1 obs VCK Feel the Fury #2
 
        - type: Custom game
 
        - host: IamFURIOUS
 
        - saver: sc2no_wc4yes
 
        
map: TwistedMeadows 
        - players: 10
 
        - length: 18:58
 
        - speed: Fast
 - version: 1.22 W3XP
 - replay type:  Public
 
» download(71 KB)
Players
        team 1 (loser) 
              
              
iLLmatiic (
dark-green | 175 APM | 3316 actions | 18:57)
              
 4 Death Knight 
 2 Death Coil
 2 Unholy Aura
 3 Lich 
 2 Frost Nova
 1 Frost Armor
 1 Dark Ranger 
 1 Silence
 
                » actions 
                
                | Assign group hotkey | 42 |  | 
| Basic commands | 57 |  | 
| Build / train | 59 |  | 
| Enter build submenu | 14 |  | 
| Enter hero's abilities submenu | 9 |  | 
| Give item / drop item | 2 |  | 
| Remove unit from queue | 1 |  | 
| Right click | 1246 |  | 
| Select / deselect | 329 |  | 
| Select group hotkey | 1494 |  | 
| Use ability | 62 |  | 
                3316 total
 » units 
                
                | Acolyte | 13 |  | 
| Ghoul | 7 |  | 
| Obsidian Statue | 2 |  | 
| Goblin Zeppelin | 1 |  | 
| Crypt Fiend | 4 |  | 
| Banshee | 1 |  | 
                28 total
 » upgrades
                
                | Ghoul Frenzy | 1 |  | 
| Destroyer Form | 1 |  | 
| Burrow | 1 |  | 
| Web | 1 |  | 
| Banshee Training | 2 |  | 
                6 total
 » buildings
                
                | Altar of Darkness | 1 |  | 
| Ziggurat | 4 |  | 
| Crypt | 1 |  | 
| Tomb of Relics | 1 |  | 
| Nerubian Tower | 1 |  | 
| Halls of the Dead | 2 |  | 
| Graveyard | 1 |  | 
| Sacrificial Pit | 1 |  | 
| Slaughterhouse | 1 |  | 
| Black Citadel | 1 |  | 
| Temple of the Damned | 2 |  | 
| Spirit Tower | 1 |  | 
                17 total
 » build order
                00:08 Altar of Darkness
00:10 Ziggurat
00:35 Crypt
00:59 Tomb of Relics
01:16 Ziggurat
02:43 Nerubian Tower
03:08 Halls of the Dead
03:38 Graveyard
04:28 Ziggurat
05:37 Sacrificial Pit
05:38 Slaughterhouse
06:05 Black Citadel
06:35 Ziggurat
14:18 Temple of the Damned
14:19 Temple of the Damned
15:12 Spirit Tower
» items
                
                | Rod of Necromancy | 2 |  | 
| Orb of Corruption | 3 |  | 
                5 total
  
               team 2 (winner) 
              
              
sc2no_wc4yes (
red | 67 APM | 1269 actions | 18:58)
              
 5 Paladin 
 3 Holy Light
 2 Divine Shield
 
                » actions 
                
                | Assign group hotkey | 38 |  | 
| Basic commands | 25 |  | 
| Build / train | 88 |  | 
| ESC pressed | 1 |  | 
| Enter build submenu | 30 |  | 
| Enter hero's abilities submenu | 5 |  | 
| Give item / drop item | 4 |  | 
| Right click | 470 |  | 
| Select / deselect | 170 |  | 
| Select group hotkey | 320 |  | 
| Use ability | 118 |  | 
                1269 total
 » units 
                
                | Peasant | 15 |  | 
| Goblin Shredder | 2 |  | 
| Gryphon Rider | 15 |  | 
| Goblin Sapper | 4 |  | 
                36 total
 » upgrades
                
                | Masonry | 3 |  | 
| Swords | 2 |  | 
| Storm Hammers | 1 |  | 
| Armor | 1 |  | 
                7 total
 » buildings
                
                | Altar of Kings | 1 |  | 
| Farm | 7 |  | 
| Lumber Mill | 1 |  | 
| Scout Tower | 16 |  | 
| Arcane Tower | 1 |  | 
| Guard Tower | 14 |  | 
| Keep | 1 |  | 
| Arcane Vault | 1 |  | 
| Castle | 1 |  | 
| Blacksmith | 1 |  | 
| Gryphon Aviary | 3 |  | 
                47 total
 » build order
                00:08 Altar of Kings
00:12 Farm
00:20 Lumber Mill
00:38 Scout Tower
01:08 Scout Tower
01:20 Farm
01:25 Arcane Tower
01:41 Guard Tower
01:50 Guard Tower
01:58 Scout Tower
02:20 Scout Tower
02:35 Guard Tower
03:07 Guard Tower
04:15 Keep
04:49 Arcane Vault
04:59 Farm
06:36 Scout Tower
06:38 Scout Tower
06:41 Scout Tower
06:42 Scout Tower
06:45 Scout Tower
06:50 Scout Tower
07:07 Guard Tower
07:11 Guard Tower
07:44 Guard Tower
08:52 Castle
08:55 Scout Tower
08:57 Scout Tower
09:00 Scout Tower
09:01 Scout Tower
09:50 Blacksmith
09:53 Guard Tower
10:25 Guard Tower
11:17 Guard Tower
11:19 Guard Tower
11:20 Guard Tower
12:02 Gryphon Aviary
12:05 Gryphon Aviary
12:07 Gryphon Aviary
12:09 Scout Tower
12:10 Scout Tower
12:50 Guard Tower
13:06 Guard Tower
13:11 Farm
13:13 Farm
15:28 Farm
15:29 Farm
» items
                
                | Scroll of Regeneration | 4 |  | 
| Lesser Clarity Potion | 5 |  | 
| Staff of Teleportation | 1 |  | 
| Potion of Mana | 2 |  | 
| Potion of Healing | 1 |  | 
| Scroll of Town Portal | 1 |  | 
| Potion of Invisibility | 2 |  | 
| Potion of Lesser Invulnerability | 2 |  | 
| Ivory Tower | 4 |  | 
                22 total
  
               observersIamFURIOUS, 
freshkills, 
kr4zed_j0o, 
resourceboi, 
derek_, 
supatimewaster, 
King_Redrum, 
IHaveReturneddd Chat log
          
(03:17 / Observers) sc2no_wc4yes: fuuuuuck
(06:15 / All) sc2no_wc4yes: AHHHHH
(08:33 / Observers) sc2no_wc4yes: see now i can do something
(08:36 / Observers) sc2no_wc4yes: with his acos not walled in